 Dungeon Crawl Stone Soup version 0.18.1-5-g4a78601 (webtiles) character file.

2289 oplop the Changer (level 9, -32/57 HPs)
             Began as an Octopode Transmuter on May 13, 2016.
             Was a Priest of Cheibriados.
             Killed from afar by Erica (38 damage)
             ... with a bolt of poison
             ... on level 8 of the Dungeon.
             The game lasted 00:20:31 (6952 turns).

oplop the Changer (Octopode Transmuter)             Turns: 6952, Time: 00:20:32

Health: -32/57     AC:  1    Str: 17    XL:     9   Next: 39%
Magic:  16/16      EV: 15    Int: 25    God:    Cheibriados [***...]
Gold:   361        SH:  0    Dex: 19    Spells: 5 memorised, 3 levels left

rFire  . . .     SeeInvis .     A - +3 trident (venom)
rCold  . . .     Gourm    .     (no shield)
rNeg   . . .     Faith    .     (helmet restricted)
rPois  .         Spirit   .     E - amulet of magic regeneration
rElec  .         Dismiss  .     e - ring of protection from magic
rCorr  .         Reflect  .     m - ring of wizardry
SustAt .         Harm     .     (no ring)
MR     +....                    (no ring)
Stlth  +++.......               (no ring)
                                (no ring)
                                (no ring)
                                (no ring)

@: lethally poisoned (-32 -> -47), very slow, somewhat resistant to hostile
enchantments, fairly stealthy
A: almost no armour, amphibious, 8 rings, constrict 8, camouflage 1, gelatinous
body 1
a: Bend Time, Temporal Distortion, Renounce Religion


You were on level 8 of the Dungeon.
You worshipped Cheibriados.
Cheibriados was most pleased with you.
You were not hungry.

You visited 2 branches of the dungeon, and saw 9 of its levels.

You collected 361 gold pieces.

Inventory:

Hand Weapons
 A - a +3 trident of venom (weapon)
Missiles
 a - 27 arrows
 g - 2 javelins (quivered)
Magical Staves
 d - an uncursed staff of death
Jewellery
 e - a ring of protection from magic (left tentacle)
 f - an uncursed amulet of guardian spirit
 m - a ring of wizardry (right tentacle)
 n - an uncursed ring of ice
 E - an amulet of magic regeneration (around mantle)
Wands
 q - a wand of teleportation (5/9)
 y - a wand of iceblast (6/15)
 z - a wand of iceblast (8/15)
 F - a wand of heal wounds (8/9)
Scrolls
 j - 2 scrolls of enchant weapon
 l - 2 scrolls of enchant armour
 u - 3 scrolls of remove curse
 x - a scroll of magic mapping
 D - a scroll of fear {unknown}
Potions
 i - 3 potions of curing {unknown}
 o - 3 potions of flight
 p - a potion of ambrosia
 r - a potion of cancellation
 s - a potion of agility
 t - a potion of heal wounds
 v - 2 potions of haste
 w - 2 potions of degeneration {unknown}
 B - a potion of cure mutation {unknown}
 C - a potion of might
 G - a potion of brilliance {unknown}
Books
 b - a book of Changes

   Spells                             Type                      Level
   a - Beastly Appendage              Transmutation                1
   b - Sticks to Snakes               Transmutation                2
   c - Spider Form                    Transmutation/Poison         3
   d - Ice Form                       Ice/Transmutation            4
   e - Blade Hands                    Transmutation                5
Comestibles
 c - 5 bread rations
 h - a meat ration


   Skills:
 + Level 3.3 Fighting
 + Level 4.0 Dodging
 - Level 5.0 Unarmed Combat
 + Level 5.2 Spellcasting
 + Level 6.7 Transmutations
 - Level 4.1 Ice Magic
 * Level 4.6 Invocations


You had 3 spell levels left.
You knew the following spells:

 Your Spells              Type           Power        Failure   Level  Hunger
a - Beastly Appendage     Trmt           #####.       1%          1    None
b - Sticks to Snakes      Trmt           #####...     1%          2    None
c - Spider Form           Trmt/Pois      ###.......   3%          3    #......
d - Ice Form              Ice/Trmt       ####....     4%          4    ###....
e - Blade Hands           Trmt           #####.....   6%          5    #####..


Dungeon Overview and Level Annotations

Branches:
Dungeon (8/15)             Temple (1/1) D:6            Lair (0/8) D:8

Altars:
Ashenzari
Cheibriados
Dithmenos
Elyvilon
Fedhas
Gozag
Kikubaaqudgha
Makhleb
Nemelex Xobeh
Okawaru
Pakellas
Qazlal
Ru
Sif Muna
Trog
Vehumet
Xom
Yredelemnul
Zin
The Shining One

Shops:
D:8 %

Annotations:
D:5 Geppetto's ghost, novice OgWz; Grinder
D:6 inmateoo's ghost, novice DgIE
D:7 1 exclusion, Dowan; Ijustatesigmund's ghost, novice TrHu
D:8 Erica


Innate Abilities, Weirdness & Mutations

You cannot wear most types of armour.
You are amphibious.
You can wear up to eight rings at the same time.
You can use your tentacles to constrict eight enemies at once.
Your skin changes colour to match your surroundings (Stealth).
Your rubbery body absorbs attacks (AC +1).


Message History

Your +3 trident of venom unmelds from your body.
Your +3 trident of venom begins to drip with poison!
You start resting.
Put on which piece of jewellery? (? for menu, Esc to quit)
Okay, then.
Erica points at you and mumbles some strange words.
The bolt of poison hits you!
You are poisoned.
Ouch! That really hurt!
* * * LOW HITPOINT WARNING * * *
* * * LOW HITPOINT WARNING * * *
You feel sick.
* * * LOW HITPOINT WARNING * * *
You feel sick.
* * * LOW HITPOINT WARNING * * *
You feel sick.
Erica points at you and mumbles some strange words.
The bolt of poison hits you!
You are lethally poisoned!
Ouch! That really hurt!
You die...

##..##.###..# #.#
##+##
##..##......###.# .#
##..######......# #.#
....# #.###### ##.##
...## #.# ##...##
#### #.#####
##.....## #.....#
#.......
#####.#####.#..#
#..@..@....#
#######.##.# #.##.# #
#.##.##.# #...@...#
####.#### #.# #######
######.## ## ###
###.....###.......#..


You could see Erica.

Vanquished Creatures
  A wyvern (D:8)
  A hippogriff (D:8)
  A hungry ghost (D:8)
  An orc warrior (D:8)
  An ice beast (D:6)
  A centaur (D:7)
  An ogre (D:8)
  2 crocodiles (D:8)
  A big kobold (D:8)
  3 giant frogs (D:8)
  A water moccasin skeleton (D:6)
  2 wights (D:8)
  2 hounds
  2 orc wizards
  3 giant frog skeletons
  An orc priest (D:3)
  2 iguanas
  A centaur skeleton (D:6)
  4 worker ants
  2 howler monkey skeletons
  4 adders
  3 river rats (D:8)
  A shadow imp (D:4)
  An ooze (D:3)
  An adder zombie (D:6)
  3 dart slugs
  9 giant geckos
  18 orcs
  4 giant cockroaches
  9 goblins
  7 hobgoblins
  7 jackals (D:2)
  6 quokkas
  22 bats
  2 giant newts
  2 jackal skeletons
  10 kobolds
  11 rats
153 creatures vanquished.

Vanquished Creatures (collateral kills)
  3 ogres
  An eye of draining (D:8)
  A giant frog (D:8)
  2 wights (D:8)
  A hound (D:8)
  An orc priest (D:8)
  An orc wizard (D:7)
  A river rat (D:8)
  4 orcs
  A bat (D:8)
  A giant cockroach (D:4)
  A rat (D:8)
18 creatures vanquished.

Vanquished Creatures (others)
  17 fungi (D:8)
  12 plants (D:8)
29 creatures vanquished.

Grand Total: 200 creatures vanquished

Notes
Turn   | Place    | Note
--------------------------------------------------------------
     0 | D:1      | oplop the Octopode Transmuter began the quest for the Orb.
     0 | D:1      | Reached XP level 1. HP: 13/13 MP: 3/3
    76 | D:1      | Reached XP level 2. HP: 12/18 MP: 3/5
   428 | D:2      | Reached XP level 3. HP: 22/23 MP: 6/6
   871 | D:2      | Learned a level 2 spell: Sticks to Snakes
   875 | D:2      | Learned a level 3 spell: Spider Form
  1038 | D:2      | Found an iron altar of Okawaru.
  1163 | D:2      | Found a glowing silver altar of Zin.
  1311 | D:2      | Reached XP level 4. HP: 21/28 MP: 4/8
  1387 | D:3      | Found a faded altar to an unknown god.
  1393 | D:3      | Reached skill level 3 in Transmutations
  1478 | D:3      | Reached XP level 5. HP: 16/33 MP: 3/9
  1826 | D:3      | Found a shimmering altar of Xom.
  2248 | D:4      | Noticed a phantom
  2272 | D:4      | Learned a level 4 spell: Ice Form
  2488 | D:4      | Noticed an ogre
  2602 | D:5      | Entered Level 5 of the Dungeon
  2723 | D:5      | Noticed a centaur
  2815 | D:4      | Reached XP level 6. HP: 36/38 MP: 11/11
  3065 | D:4      | Reached skill level 4 in Transmutations
  3065 | D:4      | Reached skill level 1 in Ice Magic
  3536 | D:5      | Noticed Grinder
  3698 | D:5      | Noticed Geppetto's ghost (novice OgWz)
  3918 | D:5      | Reached XP level 7. HP: 11/43 MP: 4/12
  4230 | D:6      | Noticed inmateoo's ghost (novice DgIE)
  4244 | D:6      | Found a staircase to the Ecumenical Temple.
  4254 | Temple   | Entered the Ecumenical Temple
  4397 | Temple   | Became a worshipper of Cheibriados the Contemplative
  4652 | D:7      | Reached skill level 5 in Transmutations
  4713 | D:7      | Reached skill level 5 in Unarmed Combat
  5022 | D:7      | Reached * piety under Cheibriados
  5055 | D:7      | Reached XP level 8. HP: 41/48 MP: 8/14
  5123 | D:7      | Noticed Dowan
  5130 | D:7      | Noticed Ijustatesigmund's ghost (novice TrHu)
  5305 | D:8      | Learned a level 5 spell: Blade Hands
  5345 | D:8      | Noticed a wyvern
  5354 | D:8      | Found Ysabyl's Food Shoppe.
  5362 | D:8      | Killed a wyvern
  5362 | D:8      | Reached skill level 1 in Invocations
  5545 | D:8      | Reached skill level 6 in Transmutations
  5861 | D:8      | Reached ** piety under Cheibriados
  6136 | D:8      | Reached XP level 9. HP: 55/55 MP: 14/16
  6144 | D:8      | Reached skill level 5 in Spellcasting
  6494 | D:8      | Reached *** piety under Cheibriados
  6794 | D:8      | Found a staircase to the Lair.
  6879 | D:8      | Noticed Erica
  6952 | D:8      | Killed from afar by Erica

Skill      XL: |  1  2  3  4  5  6  7  8  9 |
---------------+----------------------------+-----
Transmutations | 3 4 5 6 |  6.7
Spellcasting   | 3 4 5 |  5.2
Unarmed Combat | 4 5 |  5.0
Ice Magic      | 2 3 4 |  4.1
Fighting       | 2 3 |  3.3
Invocations    | 3 4 |  4.6
Dodging        | 3 4 |  4.0

Action                   |  1- 3 |  4- 6 |  7- 9 || total
-------------------------+-------+-------+-------++-------
Melee: Unarmed           |   102 |    98 |   114 ||   314
       Constrict         |    18 |    15 |    14 ||    47
       Tentacles         |     9 |     8 |    13 ||    30
       Kick              |     9 |       |       ||     9
       Punch             |     3 |     1 |     1 ||     5
       Trident           |       |    21 |    78 ||    99
 Cast: Beastly Appendage |     3 |       |       ||     3
       Spider Form       |     4 |     9 |     9 ||    22
       Sticks to Snakes  |       |    10 |    32 ||    42
       Ice Form          |       |       |     9 ||     9
  Use: Scroll            |     2 |    13 |     7 ||    22
       Potion            |       |     2 |       ||     2
 Stab: Sleeping          |     3 |     5 |     4 ||    12
       Distracted        |       |       |     3 ||     3
  Eat: Chunk             |     2 |     4 |     3 ||     9
       Meat ration       |       |     1 |     2 ||     3
       Fruit             |       |     1 |       ||     1
       Pizza             |       |       |     1 ||     1
Armor: Skin              |    12 |     7 |    34 ||    53
Dodge: Dodged            |    73 |    67 |   147 ||   287
